 Dungeon Crawl Stone Soup version 0.28-a0-691-gad6df49e81 (webtiles) character file.

Game seed: 7253226240895449386

2 marklar909 the Vexing (level 1, 0/13 HPs)
             Began as a Palentonga Enchanter on Oct 22, 2021.
             Slain by a goblin (4 damage)
             ... on level 1 of the Dungeon.
             The game lasted 00:01:03 (229 turns).

marklar909 the Vexing (Palentonga Enchanter)         Turns: 229, Time: 00:01:04

Health: 0/13       AC:  4    Str: 11    XL:     1   Next: 25%
Magic:  3/3        EV:  9    Int: 15    God:
Gold:   0          SH:  0    Dex: 10    Spells: 4/4 levels left

rFire   . . .      SeeInvis +   a - +1 dagger
rCold   . . .      Faith    .   (no shield)
rNeg    . . .      Spirit   .   b - +0 robe
rPois   .          Reflect  .   (no helmet)
rElec   .          Harm     .   (no cloak)
rCorr   .          Rampage  .   (no gloves)
Will    .....                   (no barding)
Stlth   ++........              (no amulet)
HPRegen 0.04/turn               (no ring)
MPRegen 0.08/turn               (no ring)

@: no status effects
A: large, rugged brown scales 3, see invisible, deformed body, roll 1, armoured
tail
a: Rolling Charge


You were on level 1 of the Dungeon.
You visited 1 branch of the dungeon, and saw 1 of its levels.

Inventory:

Hand Weapons
 a - a +1 dagger (weapon)
Missiles
 h - 21 poisoned darts
Armour
 b - a +0 robe (worn)
Scrolls
 e - a scroll of teleportation {unknown}
 f - a scroll of vulnerability {unknown}
Potions
 c - a potion of invisibility
 d - 2 potions of curing {unknown}
 g - a potion of brilliance {unknown}


   Skills:
 + Level 1.0 Short Blades
 + Level 1.5 Dodging
 + Level 2.0 Stealth
 + Level 2.0 Spellcasting
 + Level 3.0 Hexes


You had 4 spell levels left.
You didn't know any spells.
Your spell library contained the following spells:

 Spells                   Type           Power      Damage    Failure   Level
 Ensorcelled Hibernation  Hex/Ice        12%        N/A       19%         2
 Confusing Touch          Hex            10%        N/A       19%         3
 Tukima's Dance           Hex            10%        N/A       19%         3
 Dazzling Flash           Conj/Hex       12%        N/A       34%         3


Dungeon Overview and Level Annotations

Branches:
Dungeon (1/15)

Altars:


Innate Abilities, Weirdness & Mutations

You are completely covered in rugged brown scales. (AC +3, +7% HP)
You have supernaturally acute eyesight. (SInv)
Armour fits poorly on your strangely shaped body.
You can roll at nearby foes to attack.
You have a long armoured tail.


Message History

An endoplasm is nearby!
An endoplasm is nearby!
You don't know any spells.
You don't know any spells.
Okay, then.
A goblin comes into view. It is wielding a +0 club.
Found a stone staircase leading down.
The goblin shouts!
An endoplasm comes into view.
The endoplasm quivers.
You barely miss the endoplasm.
The endoplasm quivers.
You tail-slap the endoplasm, but do no damage.
You hit the endoplasm but do no damage. The endoplasm closely misses you.
The endoplasm freezes you.
You are frozen.
You hit the endoplasm.
The endoplasm is heavily wounded.
The endoplasm freezes you.
You are frozen.
The endoplasm barely misses you. The goblin hits you with a +0 club.
An endoplasm comes into view.
The endoplasm hits you but does no damage.
Press: ? - help, v - describe, . - travel
Here: an endoplasm The floor.
The endoplasm jiggles.
The endoplasm jiggles.
You see here a +0 leather armour.
The endoplasm hits you but does no damage.
You hit the endoplasm. You tail-slap the endoplasm.
You kill the endoplasm!
The goblin closely misses you.
You hit the goblin.
The goblin is moderately wounded.
The goblin hits you with a +0 club.
You hit the goblin but do no damage.
The goblin is moderately wounded.
The goblin hits you with a +0 club.
You die...

#.# #.##.##.... ###.#
#.##....... #...#
####.##.g#.... #.###
#............. #.#
#.#.#.#..#.... #.#
#.#.#.##.#..#. #.#
#.............
#.#########.#########.
#....@g.........)# #.
################## #.
##


You could see a goblin.

Vanquished Creatures
  An endoplasm (D:1)
  A rat (D:1)
2 creatures vanquished.

Notes
Turn   | Place    | Note
-------+----------+-------------------------------------------
     0 | D:1      | marklar909 the Palentonga Enchanter began the quest for the
                  | Orb.
     0 | D:1      | Reached XP level 1. HP: 13/13 MP: 3/3
   229 | D:1      | Slain by a goblin

Illustrated notes

Levels and vault maps discovered:
D:1:      wander_arrival_peaceful_grave, layout_basic

Action                   || total
-------------------------++-------
Melee: Dagger            ||     7
       Tailslap          ||     2
Armor: Robe              ||     2
Dodge: Dodged            ||     3

Table legend: (Time is in decaauts)
 A = Elapsed time spent in this place.
 B = Non-inter-level travel time spent in this place.
 C = Inter-level travel time spent in this place.
 D = Time resting spent in this place.
 E = Time spent auto-exploring this place.
 F = Levels seen in this place.
 G = Mean time per level.
                   A        B        C        D        E       F      G
               +--------+--------+--------+--------+--------+-----+--------+
         Total |    228 |    225 |      3 |      0 |    131 |   1 |  228.0 |
       Dungeon |    228 |    225 |      3 |      0 |    131 |   1 |  228.0 |
               +--------+--------+--------+--------+--------+-----+--------+

Top non-repeatable levels by time:
     D:1: 228 daAuts
